 Dungeon Crawl Stone Soup version 0.31-a0-986-g5e6e4ef867 (webtiles) character file.

Game seed: 16080636085304103952

1906 Curundu the Ducker (level 8, -7/71 HPs)
             Began as a Yellow Draconian Berserker on Nov 10, 2023.
             Was an Elder of Trog.
             Mangled by an orc warrior
             ... wielding a +0 glaive
              (15 damage)
             ... on level 6 of the Dungeon.
             The game lasted 00:51:11 (7418 turns).

Curundu the Ducker (Yellow Draconian Berserker)     Turns: 7418, Time: 00:51:12

Health: -7/71      AC: 10    Str: 20    XL:     8   Next: 94%
Magic:  8/8        EV: 14    Int: 14    God:    Trog [****..]
Gold:   259        SH:  0    Dex: 12    Spells: 7/7 levels left

rFire   . . .        b - +2 flail (protect)
rCold   . . .        (no shield)
rNeg    . . .        (body armour unavailable)
rPois   .            (helmet restricted)
rElec   .            (no cloak)
rCorr   +            (no gloves)
SInv    .            (no boots)
Will    .....        (no amulet)
Stlth   +            g - +4 ring of protection
HPRegen 0.31/turn    p - +6 ring of intelligence
MPRegen 0.11/turn

%: no passive effects
@: confused, short of breath, ambrosia-drunk
A: spit acid, AC +6, unfitting armour, cold-blooded, acid resistance
a: Breathe Acid, Renounce Religion, Berserk, Trog's Hand, Brothers in Arms


You were on level 6 of the Dungeon.
You worshipped Trog.
Trog was greatly pleased with you.
You visited 1 branch of the dungeon, and saw 6 of its levels.

You collected 259 gold pieces.

Inventory:

Hand Weapons
 a - a +0 spear
 b - a +2 flail of protection (weapon)
 m - a +1 whip of holy wrath
 r - a +1 dagger of electrocution
 u - a +2 dagger of draining
 F - a +2 short sword of speed
Missiles
 G - 2 throwing nets
Jewellery
 g - a +4 ring of protection (left hand)
 p - a +6 ring of intelligence (right hand)
 w - a ring of willpower
 D - an amulet of magic regeneration
 M - a ring of wizardry
Wands
 C - a wand of flame (14)
 H - a wand of charming (9)
Scrolls
 c - 2 scrolls of amnesia {unknown}
 d - a scroll of immolation {unknown}
 e - a scroll of butterflies {unknown}
 h - a scroll of teleportation {unknown}
 i - a scroll of torment {unknown}
 j - a scroll of noise
 n - 2 scrolls of enchant weapon {unknown}
 o - 4 scrolls of fear {unknown}
 s - 3 scrolls of fog {unknown}
 v - a scroll of vulnerability {unknown}
 y - a scroll of blinking {unknown}
 z - a scroll of brand weapon {unknown}
 B - 2 scrolls of identify
 J - a scroll of poison {unknown}
 N - a scroll of enchant armour {unknown}
 O - a scroll of silence {unknown}
Potions
 f - 2 potions of degeneration {unknown}
 k - a potion of resistance {unknown}
 l - a potion of ambrosia
 q - 3 potions of heal wounds {unknown}
 t - a potion of mutation {unknown}
 x - a potion of brilliance {unknown}
 A - a potion of attraction {unknown}
 E - 2 potions of enlightenment {unknown}
 I - 2 potions of might
 K - 4 potions of haste {unknown}
 L - a potion of curing


   Skills:
 + Level 6.3 Fighting
 + Level 5.4 Short Blades
 + Level 3.0 Maces & Flails
 + Level 4.9 Polearms
 + Level 6.3 Dodging
 + Level 3.2 Stealth


You had 7 spell levels left.
You didn't know any spells.
Your spell library was empty.

Dungeon Overview and Level Annotations

Branches:
Dungeon (6/15)
 Temple: D:4-7

Altars:
Okawaru
Ru
Trog
Uskayaw
Zin

Shops:
D:1 *   D:6 **:!


Innate Abilities, Weirdness & Mutations

You can spit globs of acid.
Your golden yellow scales are hard. (AC +6)
You cannot fit into any form of body armour.
You are cold-blooded and may be slowed by cold attacks.
You are resistant to acid. (rCorr)


Message History

The orc wizard flickers and vanishes!
Deactivating autopickup; reactivate with Ctrl-A.
You hear a shout!
You hear an angry hiss.
A puff of flame appears from out of thin air!
The puff of flame hits you!
The orc warrior attacks as it pursues you!
The orc warrior misses you.
The orc warrior throws a boomerang.
The boomerang hits you.
The orc warrior throws a boomerang.
The boomerang misses you.
The orc warrior throws a boomerang.
The boomerang completely misses you.
The orc warrior throws a boomerang.
The boomerang misses you.
Abil: Breathe Acid
Press: ? - help, Q - select action, (/) - cycle Shift-Dir - straight line You spit a glob of acid.
The glob of acid hits the orc warrior.
The acid corrodes the orc warrior!
The acid splashes onto the orc priest!
The orc priest is splashed with acid.
The acid splashes onto something!
The orc warrior is moderately wounded.
The orc warrior hits you from afar with a +0 glaive.
The orc priest calls upon Beogh to heal the orc warrior.
The orc warrior is healed somewhat.
The orc warrior hits you with a +0 glaive!
You hear an angry hiss.
You closely miss the orc warrior.
The orc warrior is lightly wounded.
The orc warrior hits you with a +0 glaive!
* * * LOW HITPOINT WARNING * * *
You closely miss the orc warrior. You tail-slap the orc warrior.
The orc warrior is moderately wounded.
The orc warrior hits you but does no damage.
The orc priest looks encouraged for a moment.
You barely miss the orc warrior.
The orc warrior is moderately wounded.
The orc warrior hits you with a +0 glaive!
* * * LOW HITPOINT WARNING * * *
It was a potion of ambrosia.
You are confused.
You feel invigorated.
The orc warrior hits you with a +0 glaive!
You die...

#.# #.### ###..#.#
#.# #.#.# . #..#.#
#.# #.#.#.#.#..#.#
#.#.#...#.##.#####
##..[......
#..†...
###oS..#####.
######. #..o{#.#
#. #.##o#.# #. .o.
#@#.# #.
....###.#.#####.
#.
###.##...........
#. #o
#...........# #. S
#...........# #.
## #...........#
#. #...........#
#. #..........# #.
#..........# #.


You could see an orc warrior (corroded), an orc priest, an adder and an orc
(wandering).

Vanquished Creatures
  A hornet (D:4)
  Edmund (D:5)
  An ice beast (D:6)
  A black bear (D:4)
  A centaur (D:5)
  2 ogres (D:5)
  2 phantoms (D:5)
  6 scorpions
  A howler monkey (D:4)
  8 hounds
  A jelly (D:5)
  2 iguanas
  Robin (D:4)
  5 gnolls
  9 adders
  A shadow imp (D:6)
  A worm (D:3)
  4 dart slugs
  16 orcs
  9 bats
  6 endoplasms
  8 giant cockroaches
  10 hobgoblins
  2 jackals (D:2)
  6 kobolds
  13 quokkas
  8 ball pythons
  2 frilled lizards
  16 goblins
  4 rats
148 creatures vanquished.

Notes
Turn   | Place    | Note
-------+----------+-------------------------------------------
     0 | D:1      | Curundu the Draconian Berserker began the quest for the
                  | Orb.
     0 | D:1      | Reached XP level 1. HP: 19/19 MP: 1/1
   277 | D:1      | Reached XP level 2. HP: 21/27 MP: 2/2
   549 | D:1      | Found Zenok's Assorted Antiques.
   716 | D:1      | Reached XP level 3. HP: 33/33 MP: 3/3
   819 | D:1      | Reached ** piety under Trog
  1626 | D:2      | Reached XP level 4. HP: 40/40 MP: 4/4
  2048 | D:2      | Found a faded altar of an unknown god.
  2819 | D:3      | Noticed a scorpion
  2828 | D:3      | Killed a scorpion
  2829 | D:3      | Reached XP level 5. HP: 46/47 MP: 5/5
  3144 | D:3      | Reached *** piety under Trog
  3288 | D:4      | Reached skill level 1 in Stealth
  3288 | D:4      | Reached XP level 6. HP: 36/53 MP: 6/6
  3747 | D:4      | Reached skill level 1 in Short Blades
  4072 | D:4      | Noticed Robin
  4085 | D:4      | Killed Robin
  4519 | D:4      | Noticed a hornet
  4560 | D:4      | Killed a hornet
  4561 | D:4      | Reached skill level 5 in Fighting
  4561 | D:4      | Your scales start taking on a golden yellow colour.
  4561 | D:4      | Reached XP level 7. HP: 36/61 MP: 7/7
  4561 | D:4      | Gained mutation: You are resistant to acid. (rCorr) [Yellow
                  | Draconian growth]
  4907 | D:5      | Entered Level 5 of the Dungeon
  4971 | D:5      | Found a glowing drain.
  5179 | D:5      | Reached skill level 5 in Dodging
  5230 | D:5      | Reached XP level 8. HP: 62/69 MP: 8/8
  5285 | D:5      | Found a glowing silver altar of Zin.
  5344 | D:5      | Reached **** piety under Trog
  5456 | D:5      | Reached skill level 5 in Short Blades
  5731 | D:5      | Identified the +3 barding of Impatience {rF- Slay+3 SInv}
  5928 | D:5      | Found an iron altar of Okawaru.
  5931 | D:5      | Found a hide-covered altar of Uskayaw.
  5941 | D:5      | Found a sacrificial altar of Ru.
  5941 | D:5      | Found a bloodstained altar of Trog.
  6111 | D:5      | Reached skill level 1 in Maces & Flails
  6157 | D:5      | Noticed Edmund
  6176 | D:5      | Killed Edmund
  6678 | D:6      | Found Upsith's General Store.
  6681 | D:6      | Found Fos Dona's General Store.
  6870 | D:6      | Found Vosunua's Distillery.
  7365 | D:6      | Found Wiog's Book Shoppe.
  7418 | D:6      | Mangled by an orc warrior

Illustrated notes

Levels and vault maps discovered:
D:1:      psy_arrival_fountain, layout_loops_ring, serial_shops, shop,
          serial_bayou_ford_a
D:2:      layout_loops_ring, shapermc_ecumenical_altar_pompeii
D:3:      layout_basic
D:4:      minmay_chambers_of_fours, layout_loops_corners,
          ebering_dispersal_statue_hall, uniq_robin
D:5:      minmay_angry_zag, layout_basic, minitemple,
          mainiacjoe_overflow_catwalk, portal_sewer_entry_f, st_stairs_6,
          uniq_edmund
D:6:      layout_basic, serial_shops, nicolae_shop_tiny_real_fake_doors,
          nicolae_shop_tiny_waterfront, nicolae_shop_just_a_little_nook,
          nicolae_shop_pleasant_corner_grove

Skill      XL: |  1  2  3  4  5  6  7  8 |
---------------+-------------------------+-----
Dodging        | 3 4 5 6 |  6.3
Fighting       | 4 5 6 |  6.3
Polearms       | 4 |  4.9
Stealth        | 1 2 3 |  3.2
Short Blades   | 3 4 5 |  5.4
Maces & Flails | 3 |  3.0

Action                     |  1- 3 |  4- 6 |  7- 9 || total
---------------------------+-------+-------+-------++-------
  Melee: Spear             |   133 |    68 |       ||   201
         Tailslap          |    16 |    31 |    39 ||    86
         Punch             |     3 |     1 |     4 ||     8
         Dagger            |       |   164 |   174 ||   338
         Flail             |       |       |    84 ||    84
Ability: Breathe Acid      |       |       |     5 ||     5
    Use: Scroll            |     1 |     2 |       ||     3
         Potion            |       |     2 |     5 ||     7
   Stab: Sleeping          |       |       |     3 ||     3
 Armour: Skin              |    75 |   152 |   154 ||   381
  Dodge: Dodged            |    98 |   150 |   176 ||   424

Table legend: (Time is in decaauts)
 A = Elapsed time spent in this place.
 B = Non-inter-level travel time spent in this place.
 C = Inter-level travel time spent in this place.
 D = Time resting spent in this place.
 E = Time spent auto-exploring this place.
 F = Levels seen in this place.
 G = Mean time per level.
                   A        B        C        D        E       F      G
               +--------+--------+--------+--------+--------+-----+--------+
         Total |   7400 |   7384 |     16 |   1203 |      0 |   6 | 1233.3 |
       Dungeon |   7400 |   7384 |     16 |   1203 |      0 |   6 | 1233.3 |
               +--------+--------+--------+--------+--------+-----+--------+

Top non-repeatable levels by time:
     D:5: 1724 daAuts
     D:4: 1696 daAuts
     D:1: 1128 daAuts
     D:3: 1084 daAuts
     D:2: 977 daAuts
     D:6: 789 daAuts
